 Dungeon Crawl Stone Soup version 0.28.0-53-g5a82cb258f (webtiles) character file.

Game seed: 493319442119665745

843 H0rd4k the Cudgeller (level 8, -1/58 (60) HPs)
             Began as a Human Artificer on July 14, 2022.
             Was an Initiate of Gozag.
             Slain by a wight
             ... wielding a +2 spear of venom
              (2 damage)
             ... on level 5 of the Dungeon.
             The game lasted 00:07:36 (8085 turns).

H0rd4k the Cudgeller (Human Artificer)              Turns: 8085, Time: 00:07:38

HP:   -1/58 (60)    AC: 21    Str: 15    XL:     8   Next: 20%
MP:   17/17         EV:  5    Int: 14    God:    Gozag
Gold: 216           SH:  0    Dex: 13    Spells: 7/7 levels left

rFire   + . .      SeeInvis .   b - +1 whip (freeze)
rCold   + . .      Faith    .   (no shield)
rNeg    . . .      Spirit   .   s - +7 plate armour of the Maze {MP+9 Str+2}
rPois   .          Reflect  .   m - +0 helmet
rElec   .          Harm     .   (no cloak)
rCorr   .          Rampage  .   x - +0 pair of gloves
Will    .....                   (no boots)
Stlth   ..........              (no amulet)
HPRegen 0.19/turn               r - ring of protection from cold
MPRegen 0.15/turn               t - ring of protection from fire

@: mighty, lethally poisoned (-1 -> -29), studying Translocations, lightly
drained
A: no striking features
a: Renounce Religion, Potion Petition, Call Merchant, Bribe Branch


You were on level 5 of the Dungeon.
You worshipped Gozag.
Gozag was aware of your devotion.
You visited 2 branches of the dungeon, and saw 6 of its levels.

You collected 281 gold pieces.
You paid 65 gold pieces to Gozag.

Inventory:

Hand Weapons
 a - a +0 club
 b - a +1 whip of freezing (weapon)
Missiles
 l - 2 poisoned darts (quivered)
Armour
 m - a +0 helmet (worn)
 s - the +7 plate armour of the Maze (worn) {MP+9 Str+2}
   (You found it on level 5 of the Dungeon)

   Str:       It affects your strength (+2).
   MP:        It affects your magic capacity (+9).
 x - a +0 pair of gloves (worn)
Jewellery
 r - a ring of protection from cold (left hand)
 t - a ring of protection from fire (right hand)
 y - a ring of poison resistance
Wands
 c - a wand of flame (2)
 d - a wand of charming (11)
Scrolls
 f - a scroll of identify {unknown}
 h - a scroll of fear {unknown}
 i - 3 scrolls of teleportation {unknown}
 n - a scroll of enchant weapon {unknown}
 p - a scroll of silence {unknown}
 u - a scroll of magic mapping {unknown}
 z - a scroll of amnesia {unknown}
Potions
 g - 2 potions of brilliance {unknown}
 j - 2 potions of might
 k - a potion of heal wounds {unknown}
 o - 2 potions of resistance {unknown}
 q - a potion of mutation {unknown}
 v - a potion of flight {unknown}
 w - a potion of curing {unknown}
Miscellaneous
 e - a piece from Xom's chessboard (13/15)


   Skills:
 + Level 3.8 Fighting
 + Level 4.8 Maces & Flails
 + Level 3.8 Armour
 + Level 2.9 Dodging
 + Level 1.7 Stealth
 + Level 4.7 Evocations


You had 7 spell levels left.
You didn't know any spells.
Your spell library contained the following spells:

 Spells                   Type           Power      Damage    Failure   Level
 Blink                    Tloc           0%         N/A       100%        2
 Ensorcelled Hibernation  Hex/Ice        0%         N/A       100%        2
 Passwall                 Tmut/Erth      0%         N/A       100%        2
 Swiftness                Air            0%         N/A       100%        3
 Blade Hands              Tmut           0%         N/A       100%        5
 Irradiate                Conj/Tmut      0%         3d14      100%        5
 Manifold Assault         Tloc           0%         N/A       100%        5
 Dragon Form              Tmut           0%         N/A       100%        7
 Storm Form               Tmut/Air       0%         N/A       100%        7


Dungeon Overview and Level Annotations

Branches:
Dungeon (5/15)             Temple (1/1) D:5

Altars:
Ashenzari
Cheibriados
Dithmenos
Elyvilon
Gozag
Hepliaklqana
Kikubaaqudgha
Nemelex Xobeh
Okawaru
Ru
Sif Muna
Trog
Uskayaw
Vehumet
Xom
Yredelemnul
Zin
The Shining One

Annotations:
D:2 exclusion: downstairs
D:3 exclusion: 2 downstairs
D:4 exclusions: acid dragon and downstairs


Message History

You feel very sick.
The wight hits you with a +2 spear of venom.
You hit the wight.
The wight is heavily damaged.
You feel very sick. The wight hits you but does no damage.
You are more poisoned.
You hit the wight.
The wight is severely damaged.
You feel very sick. The wight hits you but does no damage.
You are lethally poisoned!
You hit the wight but do no damage.
The wight is severely damaged.
You feel very sick.
You closely miss the wight. You punch the wight, but do no damage.
The wight is severely damaged.
You feel very sick.
The wight hits you with a +2 spear of venom.
You feel drained.
You are more poisoned.
You barely miss the wight.
The wight is severely damaged.
* * * LOW HITPOINT WARNING * * *
You feel very sick. The wight hits you but does no damage.
You are more poisoned.
You hit the wight but do no damage.
The wight is severely damaged.
* * * LOW HITPOINT WARNING * * *
You feel very sick. The wight hits you but does no damage.
You are more poisoned.
It was a potion of might.
You feel very mighty all of a sudden.
* * * LOW HITPOINT WARNING * * *
You feel extremely sick.
The wight hits you with a +2 spear of venom.
You die...
Your body crumbles into a pile of gold.

#####<##.......#
#.##.##.#
#.....##....<..#
#.##..#.#
#.######.......#
#.###.#.# #....#
#.......# #.###.#.#
####.# #.......#
#...##### #.#
#.....(.####### #.#
#.........####
####.###########.#.. #
#....[[......@...#.# #
#z##.##.####z###.#.# #
#.##(##......##....#$ #
#.##......##.#.....# #
#.#####.#..........#
####.#####.###..#.....#
.....>...............##..
###.##########.######....
###.#### #...# ........


You could see a wight.

Vanquished Creatures
  A black bear (D:4)
  2 sky beasts (D:5)
  2 necrophages
  A centaur (D:5)
  A scorpion (D:4)
  A bullfrog zombie (D:5)
  A hound (D:5)
  3 gnolls (D:3)
  3 adders
  A worm (D:2)
  A dart slug (D:4)
  An orc (D:5)
  9 ball pythons
  5 endoplasms
  11 giant cockroaches
  3 goblins
  5 hobgoblins
  5 jackals
  7 kobolds
  3 bats (D:2)
  4 frilled lizards
  8 rats
78 creatures vanquished.

Vanquished Creatures (collateral kills)
  A wight (D:5)
  A jelly (D:4)
  An adder (D:2)
  A worm (D:2)
  An endoplasm (D:2)
  A quokka (D:3)
  2 ball pythons
  A kobold (D:4)
  A rat (D:2)
10 creatures vanquished.

Vanquished Creatures (others)
  A scorpion (D:3)
  A wight (D:5)
  8 plants (D:2)
10 creatures vanquished.

Grand Total: 98 creatures vanquished

Notes
Turn   | Place    | Note
-------+----------+-------------------------------------------
     0 | D:1      | H0rd4k the Human Artificer began the quest for the Orb.
     0 | D:1      | Reached XP level 1. HP: 15/15 MP: 1/1
   641 | D:1      | Reached XP level 2. HP: 17/21 MP: 2/2
  1330 | D:2      | Reached skill level 1 in Maces & Flails
  1330 | D:2      | Reached XP level 3. HP: 20/26 MP: 3/3
  1636 | D:2      | Reached XP level 4. HP: 24/32 MP: 4/4
  1930 | D:2      | Found a snail-covered altar of Cheibriados.
  3135 | D:3      | Noticed a scorpion
  3271 | D:3      | Reached XP level 5. HP: 5/38 MP: 5/5
  3569 | D:3      | Found a shimmering altar of Xom.
  3902 | D:3      | Found a faded altar of an unknown god.
  4200 | D:3      | Noticed a necrophage
  4208 | D:3      | Killed a necrophage
  4209 | D:3      | Reached XP level 6. HP: 37/44 MP: 6/6
  4378 | D:4      | Noticed a black bear
  4996 | D:4      | HP: 2/46 [poisoned by an adder]
  5531 | D:4      | Noticed an acid dragon
  5883 | D:5      | Entered Level 5 of the Dungeon
  6026 | D:5      | Identified the +7 plate armour of the Maze {MP+9 Str+2}
  6328 | D:5      | Found a staircase to the Ecumenical Temple.
  6354 | Temple   | Entered the Ecumenical Temple
  6560 | Temple   | Became a worshipper of Gozag Ym Sagoz the Greedy
  6641 | D:5      | Noticed a necrophage
  6685 | D:5      | Killed a necrophage
  6686 | D:5      | Reached XP level 7. HP: 27/50 MP: 7/7
  7652 | D:5      | Reached XP level 8. HP: 24/58 MP: 8/8
  8085 | D:5      | HP: 1/58 [poisoned by a wight]
  8085 | D:5      | Slain by a wight

Illustrated notes

Levels and vault maps discovered:
D:1:      minmay_arrival_hallway, layout_rooms
D:2:      minmay_roachtagon, layout_rooms, serial_rivers,
          chequers_serial_rivers_micro_e, chequers_serial_rivers_small_3,
          chequers_serial_rivers_micro_c, chequers_serial_rivers_room_a,
          chequers_serial_rivers_room_a, chequers_serial_rivers_micro_c,
          basic_altar, serial_bayou_crossing
D:3:      layout_basic, mainiacjoe_overflow_chevrons,
          ebering_ecumenical_altar_rust, kennysheep_small_spiral
D:4:      layout_loops_corners, minmay_manual_mess
D:5:      layout_loops_cross, nicolae_overflow_hidden_temple,
          minmay_temple_entry_drinking_statues
Temple:   eino_temple_scatter_basement

Skill      XL: |  1  2  3  4  5  6  7 |
---------------+----------------------+-----
Maces & Flails | 1 2 3 4 |  4.8
Evocations     | 4 |  4.7
Dodging        | 2 |  2.9
Fighting       | 2 3 |  3.8
Armour         | 3 |  3.8
Stealth        | |  1.7

Action                   |  1- 3 |  4- 6 |  7- 9 || total
-------------------------+-------+-------+-------++-------
Melee: Club              |   131 |   310 |    98 ||   539
       Punch             |     4 |     1 |     2 ||     7
       Whip              |       |       |    40 ||    40
Evoke: Wand              |     2 |    17 |    12 ||    31
       Piece from Xom's  |       |       |     2 ||     2
  Use: Potion            |       |       |     1 ||     1
 Stab: Sleeping          |       |     1 |       ||     1
       Petrified         |       |       |     9 ||     9
Armor: Leather armour    |    48 |   104 |       ||   152
       Plate armour      |       |   104 |   126 ||   230
Dodge: Dodged            |   105 |   203 |    20 ||   328
